 Dungeon Crawl Stone Soup version 0.14.0-7-g2801ba0 (webtiles) character file.

224 Nidalee the Sneak (level 5, 0/36 HPs)
             Began as a Vine Stalker Wanderer on Apr 12, 2014.
             Was an Initiate of Yredelemnul.
             Succumbed to an adder's poison
             ... on Level 3 of the Dungeon.
             The game lasted 00:07:19 (2641 turns).

Nidalee the Sneak (Vine Stalker Wanderer)           Turns: 2641, Time: 00:07:19

HP   0/36        AC  3     Str 17      XL: 5   Next: 48%
MP   0/18        EV 16     Int 14      God: Yredelemnul [......]
Gold 56          SH  0     Dex 20      Spells:  1 memorised, 13 levels left

rFire  . . .     SeeInvis .     e - +1,+2 spear (chaos)
rCold  . . .     Clarity  .     c - +0 robe
rNeg   . . .     Conserve .     (no shield)
rPois  .         rCorr    .     (no helmet)
rElec  .         rRot     +     i - +0 cloak
SustAb . .       Spirit   +     (no gloves)
rMut   .         Warding  .     (no boots)
Saprov . . .     Stasis   .     (no amulet)
MR     .....                    (no ring)
                                (no ring)

@: agile, berserking, lethally poisoned, drained, very quick, not resistant to
hostile enchantments, extremely unstealthy
A: fangs 2, fast metabolism 1, regeneration 2, magic shield, antimagic bite, no
device heal
a: Renounce Religion


You were on level 3 of the Dungeon.
You worshipped Yredelemnul.
Yredelemnul was noncommittal.
You were hungry.

You visited 1 branch of the dungeon, and saw 4 of its levels.

You collected 56 gold pieces.


Innate Abilities, Weirdness & Mutations

You are immune to rotting.
You have extremely sharp teeth.
You heal very quickly.
When hurt, damage is shared between your health and your magic reserves.
Your bite disrupts and absorbs the magic of your enemies.
Potions and wands cannot restore your HP.
You have a fast metabolism.


   Skills:
 + Level 6.6(6.5) Stealth
 - Level 5.4(5.3) Spellcasting
   Level 1.0(0.9) Summonings
 - Level 2.0(1.9) Necromancy
 - Level 1.0(0.9) Invocations
 - Level 1.0(0.9) Evocations


You had 13 spell levels left.
You knew the following spells:

 Your Spells              Type           Power        Failure   Level  Hunger
z - Pain                  Necr           #...         10%         1    None

Inventory:

Hand weapons
 e - a +1,+2 spear of chaos (weapon)
Armour
 c - a +0 robe (worn)
 i - a +0 cloak (worn)
Magical devices
 v - a wand of enslavement (13) {unknown}
Comestibles
 f - a bread ration
 g - 2 meat rations
 n - an apple
Scrolls
 a - a scroll of blinking
 h - a scroll of identify {unknown}
 k - 2 scrolls of immolation {unknown}
 p - 3 scrolls of teleportation {unknown}
 q - 2 scrolls of magic mapping {unknown}
 r - a scroll of noise {unknown}
 t - a scroll of enchant weapon II {unknown}
 u - a scroll of amnesia {unknown}
Potions
 l - a potion of agility
 m - a potion of lignification {unknown}
 w - a potion of curing {unknown}
Books
 s - a book of Spatial Translocations

   Spells                             Type                      Level
   Apportation                        Translocation                1
   Blink                              Translocation                2
   Shroud of Golubria                 Charms/Translocation         2
   Portal Projectile                  Translocation                3
   Teleport Other                     Translocation                3
   Passage of Golubria                Translocation                4

Dungeon Overview and Level Annotations

Branches:
Dungeon (4/15)
 Temple: D:4-7

Altars:
Fedhas
Makhleb
Nemelex Xobeh
Okawaru
Yredelemnul

▒▒▒▒▒▒···▒ ▒·▒ ▒········▒ ▒·▒
▒········▒ ▒·▒▒▒▒ · ···
▒········▒ ▒····· ▒▒▒· ▒·▒
▒········▒ ▒·▒▒▒▒ ▒··· ▒·▒
▒········▒▒▒▒▒▒▒'▒▒▒▒ ▒·>· ▒·▒
▒▒▒·(····▒▒▒▒·········· ····
··▒▒▒<▒·····)▒ ▒·········· ▒···
▒S··▒·▒···PS·▒ ▒···▒▒▒▒·▒▒ ···
▒·▒·▒·▒······▒ ▒···▒▒·····
▒▒▒·▒▒▒%▒·▒[▒······▒ ▒···▒······
g···)···▒·▒····▒▒▒▒▒ ▒···▒······
▒▒▒▒▒▒····▒▒▒▒·▒▒▒▒▒▒▒▒·······_··
▒▒▒▒%%g···▒··········▒······
▒▒▒▒▒▒▒▒········)·▒······
▒··········▒▒·····
▒··········▒▒▒▒·▒▒


You could see an adder (berserk).


Message History

The adder misses you. x2
You hit the adder. You bite the adder, but do no damage.
The adder is almost dead.
The adder closely misses you. The adder bites you.
* * * LOW HITPOINT WARNING * * *
You barely miss the adder.
The adder is almost dead.
The adder bites you.
* * * LOW HITPOINT WARNING * * *
You are poisoned.
The adder poisons you! The adder bites you.
* * * LOW HITPOINT WARNING * * *
You are lethally poisoned!
The adder poisons you!
Drink which item? (? for menu, Esc to quit)
You feel agile all of a sudden.
It was a potion of agility.
* * * LOW HITPOINT WARNING * * *
You feel sick. The adder misses you. The adder barely misses you.
Drink which item? (? for menu, Esc to quit)
You feel extremely strange.
You begin to heal more quickly.
You feel a little hungry.
It was a potion of mutation.
* * * LOW HITPOINT WARNING * * *
You feel sick. The adder completely misses you. The adder bites you.
Drink which item? (? for menu, Esc to quit)
A red film seems to cover your vision as you go berserk!
You feel yourself moving faster!
You feel mighty!
You die...
Your body rises from the dead as a mindless zombie.

Action                   |  1- 3 |  4- 6 || total
-------------------------+-------+-------++-------
Melee: Dagger            |   117 |       ||   117
       Spear             |    33 |    97 ||   130
Throw: Javelin           |     2 |     2 ||     4
  Use: Potion            |       |     3 ||     3
 Stab: Sleeping          |     1 |     7 ||     8
       Invisible         |       |     1 ||     1

Vault maps used:
D:1:      minmay_arrival_stone_box, hangedman_abyss_or_decor_lesser_grid,
          st_stairs_9
D:2:      minitemple
D:3:      lemuel_round_altar, old_standard_altar, tgw_xom, first_bread,
          st_stairs_3
D:4:      lemuel_crystal_altar, kennysheep_minor_cross

Notes
Turn   | Place    | Note
--------------------------------------------------------------
     0 | D:1      | Nidalee, the Vine Stalker Wanderer, began the quest for the Orb.
     0 | D:1      | Reached XP level 1. HP: 9/9 MP: 9/9
    22 | D:1      | Reached skill level 1 in Stealth
    69 | D:1      | Reached skill level 2 in Stealth
    69 | D:1      | Reached XP level 2. HP: 11/13 MP: 12/12
   179 | D:1      | HP: 1/13 [bat (1)]
   194 | D:1      | Reached skill level 3 in Stealth
   320 | D:1      | Reached XP level 3. HP: 11/16 MP: 12/14
   760 | D:2      | HP: 1/16 [gnoll/dagger (4)]
   782 | D:2      | Reached skill level 4 in Stealth
   878 | D:2      | Reached XP level 4. HP: 13/21 MP: 5/16
   880 | D:2      | Reached skill level 5 in Stealth
  1265 | D:2      | Found an iron altar of Okawaru.
  1269 | D:2      | Found a sparkling altar of Nemelex Xobeh.
  1274 | D:2      | Found a basalt altar of Yredelemnul.
  1314 | D:2      | Became a worshipper of Yredelemnul the Dark
  1956 | D:3      | Found a burning altar of Makhleb.
  2037 | D:3      | Found a blossoming altar of Fedhas.
  2192 | D:3      | Reached XP level 5. HP: 11/24 MP: 14/18
  2253 | D:3      | Reached skill level 6 in Stealth
  2638 | D:3      | HP: 2/24 [adder (3)]
  2640 | D:3      | Gained mutation: You heal very quickly. [potion of mutation]
  2640 | D:3      | Gained mutation: You have a fast metabolism. [potion of mutation]
  2641 | D:3      | Succumbed to an adder's poison

Vanquished Creatures
  9 gnolls
  An adder (D:3)
  A giant mite (D:2)
  A giant gecko (D:3)
  An ooze (D:1)
  An orc (D:3)
  2 hobgoblins
  9 jackals
  10 kobolds
  3 bats
  2 giant cockroaches
  3 giant newts
  9 goblins
  2 quokkas (D:3)
  9 rats
63 creatures vanquished.

Vanquished Creatures (others)
  A gnoll (D:3)
1 creature vanquished.

Grand Total: 64 creatures vanquished
